 Dungeon Crawl Stone Soup version 0.27-a0-1149-g4505690ab0 (webtiles) character file.

Game seed: 287724374702774850

110 Bapho the Magician (level 5, -1/38 HPs)
             Began as a Djinni Venom Mage on May 13, 2021.
             Slain by an orc
             ... wielding a +0 short sword
              (5 damage)
             ... on level 4 of the Dungeon.
             The game lasted 00:04:23 (1590 turns).

Bapho the Magician (Djinni Venom Mage)              Turns: 1590, Time: 00:04:24

Health: -1/38      AC:  2    Str:  7    XL:     5   Next: 14%
Gold:   245        EV: 13    Int: 18    God:
                   SH:  0    Dex: 13

rFire    + + .     SeeInvis .   j - +0 morningstar
rCold    x . .     Faith    .   (no shield)
rNeg     . . .     Spirit   .   a - +0 robe
rPois    ∞         Reflect  .   (no helmet)
rElec    .         Harm     .   (no cloak)
rCorr    .         Rampage  .   (no gloves)
Will     .....                  (boots unavailable)
Stlth    ++........             (no amulet)
HPRegen  0.12/turn              (no ring)
MPRegen  0.00/turn              (no ring)

@: flying, very slightly contaminated
A: sickness immunity, fire resistance 2, cold vulnerability 1, float, innate
caster, hp casting, extra vitality 1
a: no special abilities


You were on level 4 of the Dungeon.
You visited 1 branch of the dungeon, and saw 3 of its levels.

You collected 245 gold pieces.

Inventory:

Hand Weapons
 c - a +0 short sword
 j - a +0 morningstar (weapon)
Armour
 a - a +0 robe (worn)
 b - a +0 ring mail
Jewellery
 e - a +6 ring of intelligence
Scrolls
 h - a scroll of holy word {unknown}
 k - a scroll of magic mapping {unknown}
Potions
 g - a potion of heal wounds {unknown}
 i - a potion of attraction {unknown}


   Skills:
 + Level 1.9 Fighting
 + Level 3.3 Dodging
 - Level 1.7 Stealth
 + Level 3.3 Spellcasting


You couldn't memorise any spells.
You knew the following spells:

 Your Spells              Type           Power      Damage    Failure   Level
a - Sting                 Tmut/Pois      60%        1d6       4%          1
b - Poisonous Vapours     Pois/Air       30%        N/A       6%          2
c - Mephitic Cloud        Conj/Pois/Air  15%        N/A       12%         3
d - Ignite Poison         Fire/Tmut/Pois 15%        N/A       12%         3
e - Olgreb's Toxic Radia  Pois           15%        N/A       36%         4
f - Magic Dart            Conj           60%        1d6       4%          1
g - Corpse Rot            Necr/Air       N/A        N/A       6%          2
Your spell library was empty.

Dungeon Overview and Level Annotations

Branches:
Dungeon (4/15)             Temple (0/1) D:4

Altars:

Shops:
D:1 =


Innate Abilities, Weirdness & Mutations

You are immune to sickness and miasma.
You are immune to poison.
Your flesh is very heat resistant. (rF++)
You are vulnerable to cold. (rC-)
You float through the air rather than walking.
You learn spells naturally, not from books.
Your magical power is your life essence.
You have superior vitality. (+4 HP)


Message History

Confirm with . or Enter, or press ? or * to list all spells.
Aiming: Magic Dart (safe; 4% risk of failure)
Press: ? - help, Shift-Dir - straight line, f/p - jelly
Aim: a jelly (moderately wounded, 100% to hit)
The magic dart hits the jelly.
The jelly is moderately wounded.
* * * LOW HITPOINT WARNING * * *
A sky beast comes into view.
A goblin comes into view. It is wielding a +0 rapier.
The jelly hits you but does no damage.
Casting: Magic Dart (safe; 4% risk of failure)
Confirm with . or Enter, or press ? or * to list all spells.
Aiming: Magic Dart (safe; 4% risk of failure)
Press: ? - help, Shift-Dir - straight line, f/p - jelly
Aim: a jelly (moderately wounded, 100% to hit)
The magic dart hits the orc.
The orc is moderately wounded.
The goblin shouts!
* * * LOW HITPOINT WARNING * * *
Casting: Magic Dart (safe; 4% risk of failure)
Confirm with . or Enter, or press ? or * to list all spells.
Aiming: Poisonous Vapours (safe; 6% risk of failure)
Press: ? - help, Dir - move target, f - orc, p - jelly
Aim: an orc, wielding a +0 short sword (moderately wounded)
You miscast Poisonous Vapours.
You are very lightly contaminated with residual magic.
Nothing appears to happen.
* * * LOW HITPOINT WARNING * * *
The orc barely misses you.
A hobgoblin comes into view.
Casting: Poisonous Vapours (safe; 6% risk of failure)
Confirm with . or Enter, or press ? or * to list all spells.
Aiming: Poisonous Vapours (safe; 6% risk of failure)
Press: ? - help, Dir - move target, f/p - orc
Aim: an orc, wielding a +0 short sword (moderately wounded) Poisonous vapours surround the orc!
* * * LOW HITPOINT WARNING * * *
The orc is engulfed in poison gas.
The orc is poisoned.
The orc hits you with a +0 short sword.
You die...

#†# #†# #.# #)#
#############.#
......[.......#
#...#.......##
#...#......o########
+..........J@..g...#
#...#...##########g#
#.......# #..#Y#...#
#. #.###..... #
#...###... ..$..
.#.. ..>.. . .
h.....# .


You could see a jelly, an orc (poisoned), a hobgoblin and a goblin.

Vanquished Creatures
  A howler monkey (D:4)
  A hound (D:4)
  A gnoll (D:1)
  An orc (D:4)
  4 bats
  2 endoplasms (D:1)
  A giant cockroach (D:1)
  5 hobgoblins
  5 jackals
  A quokka (D:2)
  A frilled lizard (D:1)
  3 kobolds
  A rat (D:1)
27 creatures vanquished.

Notes
Turn   | Place    | Note
-------+----------+-------------------------------------------
     0 | D:1      | Bapho the Djinni Venom Mage began the quest for the Orb.
     0 | D:1      | Reached XP level 1. HP: 15/15 MP: 0/0
     2 | D:1      | Noticed a human
     2 | D:1      | Noticed a spriggan
     4 | D:1      | Noticed an elf
     4 | D:1      | Noticed a tengu
     6 | D:1      | Noticed a formicid
     8 | D:1      | Noticed a merfolk
     8 | D:1      | Noticed a naga
    10 | D:1      | Noticed a troll
    12 | D:1      | Noticed a centaur
    12 | D:1      | Noticed a draconian
    14 | D:1      | Noticed a felid
    14 | D:1      | Noticed an ogre
    16 | D:1      | Noticed a ghoul
    16 | D:1      | Noticed a vampire
    18 | D:1      | Noticed a dwarf
    18 | D:1      | Noticed a barachi
    20 | D:1      | Noticed a demigod
    20 | D:1      | Noticed a demonspawn
    22 | D:1      | Noticed an octopode
    22 | D:1      | Noticed a vine stalker
    24 | D:1      | Noticed a gargoyle
    26 | D:1      | Noticed a palentonga
    26 | D:1      | Noticed a minotaur
   207 | D:1      | Reached XP level 2. HP: 7/21 MP: 0/0
   762 | D:1      | Found a faded altar of an unknown god.
   770 | D:1      | Reached XP level 3. HP: 23/25 MP: 0/0
   770 | D:1      | Learned a level 1 spell: Magic Dart
   823 | D:1      | Found Goewkidd's Jewellery Emporium.
  1481 | D:2      | You are sucked into a shaft and drop 2 floors!
  1497 | D:4      | Found a staircase to the Ecumenical Temple.
  1508 | D:4      | Reached skill level 1 in Fighting
  1508 | D:4      | Reached XP level 4. HP: 23/32 MP: 0/0
  1521 | D:4      | Reached XP level 5. HP: 14/38 MP: 0/0
  1521 | D:4      | Learned a level 2 spell: Corpse Rot
  1586 | D:4      | Noticed a sky beast
  1590 | D:4      | Slain by an orc

Illustrated notes

Levels and vault maps discovered:
D:1:      kb_arrival_jail, layout_rooms, ebering_ecumenical_altar_rust,
          serial_shops, shop_coins
D:2:      layout_basic, basic_altar, amcnicky_mini_rare_corridor_liquid
D:4:      layout_basic, general_overflow_altar, minmay_temple_entry_slanted,
          uniq_eustachio, uniq_duvessa

Skill      XL: |  1  2  3 |
---------------+----------+-----
Spellcasting   | 3 |  3.3
Fighting       | 1 |  1.9
Dodging        | 3 |  3.3
Stealth        | |  1.7

Action                   |  1- 3 |  4- 6 || total
-------------------------+-------+-------++-------
Melee: Morningstar       |       |     4 ||     4
 Cast: Sting             |    14 |     1 ||    15
       Poisonous Vapours |    24 |     9 ||    33
       Magic Dart        |     2 |     5 ||     7
  Use: Potion            |       |     2 ||     2
Armor: Robe              |       |     2 ||     2
Dodge: Dodged            |     4 |     7 ||    11

Table legend: (Time is in decaauts)
 A = Elapsed time spent in this place.
 B = Non-inter-level travel time spent in this place.
 C = Inter-level travel time spent in this place.
 D = Time resting spent in this place.
 E = Time spent auto-exploring this place.
 F = Levels seen in this place.
 G = Mean time per level.
                   A        B        C        D        E       F      G
               +--------+--------+--------+--------+--------+-----+--------+
         Total |   1590 |   1580 |     10 |     48 |   1329 |   3 |  530.0 |
       Dungeon |   1590 |   1580 |     10 |     48 |   1329 |   3 |  530.0 |
               +--------+--------+--------+--------+--------+-----+--------+

Top non-repeatable levels by time:
     D:1: 1239 daAuts
     D:2: 240 daAuts
     D:4: 110 daAuts
